 Dungeon Crawl Stone Soup version 0.21.1-1-g345015f (webtiles) character file.

7176 letownia2 the Destroyer (level 11, -5/67 HPs)
             Began as a Gargoyle Wizard on Mar 20, 2018.
             Was a Priest of Sif Muna.
             Killed by the air
             ... invoked by Gastronok
              (34 damage)
             ... on level 9 of the Dungeon.
             The game lasted 00:33:56 (4038 turns).

letownia2 the Destroyer (Gargoyle Wizard)           Turns: 4038, Time: 00:33:56

Health: -5/67      AC: 19    Str: 11    XL:     11   Next: 11%
Magic:  4/23       EV: 11    Int: 22    God:    Sif Muna [***...]
Gold:   382        SH:  0    Dex:  8    Spells: 6/26 levels left

rFire    . . .     SeeInvis .   b - +1 trident (pierce)
rCold    + . .     Gourm    .   (no shield)
rNeg     + . .     Faith    .   w - +3 leather armour
rPois    ∞         Spirit   .   z - +0 hat
rElec    +         Reflect  .   F - +2 cloak {rPois}
rCorr    .         Harm     .   t - +1 pair of gloves
MR       .....                  (no boots)
Stlth    +.........             (no amulet)
HPRegen  0.21/turn              B - ring of protection from fire
MPRegen  0.18/turn              D - ring of ice

@: no status effects
A: negative energy resistance 1, electricity resistance, unbreathing,
petrification resistance, rot immunity, AC +8
a: Divine Energy, Channel Magic, Renounce Religion


You were on level 9 of the Dungeon.
You worshipped Sif Muna.
Sif Muna was most pleased with you.
You were not hungry.

You visited 2 branches of the dungeon, and saw 11 of its levels.

You collected 382 gold pieces.

Inventory:

Hand Weapons
 a - a +1 short sword of venom
 b - a +1 trident of piercing (weapon)
 d - a +2 flail of protection
 n - a cursed -2 dagger
 u - a +0 broad axe
 L - a +2 mace of protection
 Q - a +3 quarterstaff
Missiles
 l - 7 tomahawks of returning (quivered)
 I - 5 tomahawks
Armour
 o - a +0 scale mail of fire resistance
 t - a +1 pair of gloves (worn)
 w - a +3 leather armour (worn)
 z - a +0 hat (worn)
 F - a +2 cloak of poison resistance (worn)
 K - a +0 ring mail of cold resistance
Jewellery
 v - an uncursed ring of protection from fire
 B - a ring of protection from fire (left hand)
 D - a ring of ice (right hand)
Wands
 m - a wand of random effects (38)
 N - a wand of acid (1)
Scrolls
 e - 2 scrolls of immolation {unknown}
 f - 5 scrolls of identify {unknown}
 i - 2 scrolls of enchant armour {unknown}
 p - a scroll of amnesia {unknown}
 r - 4 scrolls of teleportation
 s - 4 scrolls of remove curse
 y - a scroll of magic mapping
 C - a scroll of fear
 E - 2 scrolls of blinking
 J - a scroll of noise {unknown}
 O - a scroll of holy word {unknown}
Potions
 g - a potion of berserk rage {unknown}
 h - 2 potions of degeneration {unknown}
 j - 3 potions of curing
 k - a potion of magic {unknown}
 x - a potion of heal wounds {unknown}
 P - a potion of might {unknown}
Books
 c - a book of Minor Magic

   Spells                             Type                      Level
   a - Magic Dart                     Conjuration                  1
   b - Blink                          Translocation                2
   c - Call Imp                       Summoning                    2
   d - Slow                           Hexes                        2
   e - Conjure Flame                  Conjuration/Fire             3
   f - Mephitic Cloud                 Conjuration/Poison/Air       3
 A - a book of Flames

   Spells                             Type                      Level
   a - Flame Tongue                   Conjuration/Fire             1
   b - Throw Flame                    Conjuration/Fire             2
   c - Conjure Flame                  Conjuration/Fire             3
   d - Inner Flame                    Hexes/Fire                   3
   e - Sticky Flame                   Conjuration/Fire             4
   f - Fireball                       Conjuration/Fire             5
 H - a book of Conjurations

   Spells                             Type                      Level
   a - Magic Dart                     Conjuration                  1
   b - Searing Ray                    Conjuration                  2
   c - Dazzling Spray                 Conjuration/Hexes            3
   d - Fulminant Prism                Conjuration/Hexes            4
   e - Force Lance                    Conjuration/Translocation    4
   f - Iskenderun's Mystic Blast      Conjuration                  4
Comestibles
 M - 16 rations


   Skills:
 - Level 7.6 Fighting
 - Level 3.5 Armour
 - Level 1.5 Dodging
 - Level 2.1 Stealth
 + Level 8.3 Spellcasting
 * Level 11.5 Conjurations
 - Level 1.7 Summonings
 - Level 1.5 Translocations
 - Level 1.2 Fire Magic
 - Level 1.4 Air Magic
 - Level 1.2 Poison Magic
 - Level 4.5 Invocations


You had 6 spell levels left.
You knew the following spells:

 Your Spells              Type           Power        Failure   Level  Hunger
a - Magic Dart            Conj           ####         1%          1    None
b - Blink                 Tloc           N/A          7%          2    None
c - Conjure Flame         Conj/Fire      #####...     1%          3    None
d - Force Lance           Conj/Tloc      #####...     6%          4    ###....
e - Mephitic Cloud        Conj/Pois/Air  ####....     3%          3    None
i - Call Imp              Summ           ###.....     7%          2    None
l - Searing Ray           Conj           ######       1%          2    None
x - Dazzling Spray        Conj/Hex       ####..       2%          3    None


Dungeon Overview and Level Annotations

Branches:
Dungeon (10/15)            Temple (1/1) D:5
   Lair: D:8-11         Orc: D:9-12

Altars:
Ashenzari
Dithmenos
Fedhas
Gozag
Hepliaklqana
Nemelex Xobeh
Okawaru
Qazlal
Sif Muna
Trog
Uskayaw
The Shining One

Annotations:
D:9 Gastronok


Innate Abilities, Weirdness & Mutations

You are resistant to torment.
Your stone body is resilient. (AC +8)
You are immune to poison.
You resist negative energy. (rN+)
You are resistant to electric shocks. (rElec)
You can survive without breathing.
You are immune to petrification.
You are immune to rotting.


Message History

Aim: a troll (flame, severely wounded, confused, blind, misshapen and mutated)
The bolt of acid hits Gastronok.
Gastronok is splashed with acid.
The acid corrodes Gastronok!
Gastronok is almost dead.
The bolt of acid hits the troll.
The troll is splashed with acid.
The acid corrodes the troll!
You kill the troll!
Sif Muna accepts your kill.
The troll leather armour is intact enough to wear.
Unknown command.
Unknown command.
Unknown command.
You hit Gastronok.
Gastronok is almost dead.
Gastronok is engulfed in noxious fumes.
Gastronok gurgles.
Gastronok waves his eye-stalks in wide circles.
The air twists around and strikes you!
Ouch! That really hurt!
You die...

#.# #.# #.# #.# #.# #.#
#.# #. #.#
################.#######
........................
......§.................
.....§w@................
......§................#
.......................#
.......................#
.......................#
.......................#
........................
........................
##############


You could see Gastronok.

Vanquished Creatures
  A two-headed ogre (D:9)
  Joseph (D:9)
  Maurice (D:10)
  A troll (D:9)
  A queen bee (D:9)
  A hippogriff (D:8)
  5 yaks (D:9)
  A spriggan (D:8)
  A hungry ghost (D:8)
  4 orc warriors
  2 ice beasts (D:8)
  2 black bears (D:8)
  2 sky beasts
  4 ogres
  2 centaurs
  2 phantoms
  5 bullfrogs
  A gnoll sergeant (D:7)
  A wyvern zombie (D:9)
  A wyvern skeleton (D:8)
  4 scorpions
  16 killer bees (D:9)
  5 howler monkeys
  A bullfrog zombie (D:6)
  5 hounds
  7 orc wizards
  9 orc priests
  2 bullfrog skeletons
  A centaur skeleton (D:5)
  2 iguanas
  Ijyb (D:4)
  4 worker ants
  A hound zombie (D:8)
  2 hound skeletons
  5 gnolls
  2 worker ant zombies (D:5)
  4 adders
  A shadow imp (D:7)
  An ooze (D:3)
  An adder zombie (D:8)
  A dart slug (D:3)
  A leopard gecko (D:5)
  34 orcs
  4 giant cockroaches
  3 goblins
  7 hobgoblins
  12 jackals
  6 kobolds
  2 quokkas
  4 bats
  2 frilled lizards
  A jackal skeleton (D:5)
  A jackal zombie (D:5)
  A leopard gecko skeleton (D:6)
  A quokka zombie (D:9)
  6 rats
199 creatures vanquished.

Vanquished Creatures (collateral kills)
  6 killer bees (D:9)
  Terence (D:3)
7 creatures vanquished.

Vanquished Creatures (others)
  2 killer bees (D:9)
  An orc (D:10)
3 creatures vanquished.

Grand Total: 209 creatures vanquished

Notes
Turn   | Place    | Note
-------+----------+-------------------------------------------
     0 | D:1      | letownia2 the Gargoyle Wizard began the quest for the Orb.
     0 | D:1      | Reached XP level 1. HP: 10/10 MP: 4/4
    63 | D:1      | Reached skill level 2 in Conjurations
   156 | D:2      | Reached XP level 2. HP: 7/15 MP: 3/6
   163 | D:2      | Learned a level 2 spell: Call Imp
   255 | D:1      | Reached skill level 1 in Summonings
   409 | D:3      | Reached XP level 3. HP: 12/19 MP: 0/7
   414 | D:3      | Learned a level 3 spell: Mephitic Cloud
   505 | D:3      | Noticed Terence
   523 | D:3      | Reached skill level 3 in Conjurations
   538 | D:3      | Killed Terence
   600 | D:4      | Reached XP level 4. HP: 12/24 MP: 8/8
   641 | D:4      | Noticed Ijyb
   657 | D:4      | Killed Ijyb
   657 | D:4      | Reached skill level 1 in Poison Magic
   709 | D:4      | Found an iron altar of Okawaru.
   758 | D:4      | Learned a level 3 spell: Conjure Flame
   839 | D:5      | Entered Level 5 of the Dungeon
   844 | D:5      | Noticed a sky beast
   879 | D:4      | Reached skill level 1 in Air Magic
   879 | D:4      | Reached XP level 5. HP: 28/28 MP: 3/10
   882 | D:4      | Reached skill level 1 in Fire Magic
   920 | D:4      | Learned a level 2 spell: Blink
   962 | D:4      | Reached skill level 1 in Translocations
   962 | D:4      | Reached XP level 6. HP: 30/32 MP: 7/11
   980 | D:4      | Reached skill level 4 in Conjurations
  1287 | D:5      | Noticed an orc warrior
  1293 | D:5      | Noticed a phantom
  1301 | D:4      | Reached XP level 7. HP: 25/36 MP: 10/13
  1353 | D:4      | Reached skill level 5 in Conjurations
  1431 | D:5      | Found a staircase to the Ecumenical Temple.
  1435 | Temple   | Entered the Ecumenical Temple
  1492 | Temple   | Became a worshipper of Sif Muna the Loreminder
  1609 | D:5      | Reached skill level 1 in Fighting
  1609 | D:5      | Reached skill level 1 in Armour
  1719 | D:5      | Found an opulent altar of Gozag.
  1743 | D:5      | Reached XP level 8. HP: 42/45 MP: 10/15
  1817 | D:5      | Found a stormy altar of Qazlal.
  1930 | D:6      | Learned a level 2 spell: Searing Ray
  2016 | D:6      | Reached skill level 6 in Conjurations
  2044 | D:6      | Learned a level 3 spell: Dazzling Spray
  2156 | D:6      | Reached skill level 7 in Conjurations
  2176 | D:6      | Reached * piety under Sif Muna
  2188 | D:6      | Reached skill level 8 in Conjurations
  2289 | D:7      | Reached XP level 9. HP: 51/51 MP: 5/16
  2290 | D:7      | Reached skill level 9 in Conjurations
  2375 | D:7      | Reached ** piety under Sif Muna
  2439 | D:8      | Reached skill level 10 in Conjurations
  2720 | D:8      | Reached skill level 11 in Conjurations
  2820 | D:8      | Reached skill level 5 in Spellcasting
  2878 | D:8      | Found a shadowy altar of Dithmenos.
  2897 | D:8      | Reached *** piety under Sif Muna
  2897 | D:8      | Reached XP level 10. HP: 40/56 MP: 1/19
  3126 | D:9      | Noticed a two-headed ogre
  3150 | D:9      | Killed a two-headed ogre
  3558 | D:9      | Reached skill level 5 in Fighting
  3656 | D:9      | Noticed Joseph
  3682 | D:9      | Killed Joseph
  3717 | D:10     | Entered Level 10 of the Dungeon
  3727 | D:10     | Noticed Maurice
  3783 | D:10     | Killed Maurice
  3783 | D:10     | Reached XP level 11. HP: 22/67 MP: 0/23
  3858 | D:10     | Learned a level 4 spell: Force Lance
  4022 | D:9      | Noticed Gastronok
  4038 | D:9      | Killed from afar by Gastronok

Skill      XL: |  1  2  3  4  5  6  7  8  9 10 |
---------------+-------------------------------+-----
Conjurations   | 2 3 4 5 8 11 | 11.5
Summonings     | 1 |  1.7
Poison Magic   | 1 |  1.2
Air Magic      | 1 |  1.4
Fire Magic     | 1 |  1.2
Translocations | 1 |  1.5
Spellcasting   | 4 6 8 |  8.3
Fighting       | 2 3 7 |  7.6
Armour         | 2 3 |  3.5
Invocations    | 4 |  4.5
Dodging        | |  1.5
Stealth        | |  2.1

Action                   |  1- 3 |  4- 6 |  7- 9 | 10-12 || total
-------------------------+-------+-------+-------+-------++-------
Melee: Unarmed           |    19 |       |       |       ||    19
       Mace              |    29 |       |       |       ||    29
       Flail             |    15 |   114 |     6 |       ||   135
       Short sword       |       |    45 |   224 |   112 ||   381
       Trident           |       |       |    68 |    80 ||   148
Throw: Tomahawk          |     8 |     4 |    10 |     6 ||    28
 Cast: Magic Dart        |    42 |     1 |     6 |       ||    49
       Mephitic Cloud    |     2 |     9 |    24 |    23 ||    58
       Call Imp          |     1 |       |       |       ||     1
       Conjure Flame     |       |     1 |    23 |    11 ||    35
       Searing Ray       |       |       |     7 |       ||     7
       Dazzling Spray    |       |       |     1 |    11 ||    12
       Blink             |       |       |       |     1 ||     1
Evoke: Wand              |       |       |     3 |    31 ||    34
  Use: Scroll            |       |       |     5 |     1 ||     6
 Stab: Sleeping          |     2 |     1 |     1 |       ||     4
       Confused          |     1 |     4 |     9 |     8 ||    22
       Distracted        |       |       |     1 |       ||     1
  Eat: Chunk             |       |     3 |     8 |     2 ||    13
       Ration            |       |       |       |     1 ||     1
Armor: Robe              |    28 |    93 |    26 |       ||   147
       Leather armour    |       |       |   112 |    79 ||   191
Dodge: Dodged            |    50 |   152 |   157 |    97 ||   456
